 Dungeon Crawl Stone Soup version 0.26.0-45-g9c1d065592 (webtiles) character file.

Game seed: 6658742832932802389

497 kaeus the Stinger (level 7, -1/50 HPs)
             Began as a Gnoll Venom Mage on Jan 30, 2021.
             Slain by a phantom (5 damage)
             ... on level 5 of the Dungeon.
             The game lasted 00:05:06 (5479 turns).

kaeus the Stinger (Gnoll Venom Mage)                Turns: 5479, Time: 00:05:07

Health: -1/50      AC:  4    Str: 10    XL:     7   Next: 15%
Magic:  7/15       EV: 15    Int: 19    God:
Gold:   438        SH:  0    Dex: 16    Spells: 6/17 levels left

rFire    . . .     SeeInvis .   w - +2 flail (drain)
rCold    . . .     Faith    .   (no shield)
rNeg     . . .     Spirit   .   y - +0 animal skin
rPois    .         Reflect  .   z - +0 helmet
rElec    .         Harm     .   x - +0 cloak
rCorr    .         Rampage  .   (no gloves)
Will     .....                  (no boots)
Stlth    +++.......             (no amulet)
HPRegen  0.16/turn              (no ring)
MPRegen  0.14/turn              (no ring)

@: no status effects
A: distributed training, fangs 1, strong nose
a: no special abilities


You were on level 5 of the Dungeon.
You visited 2 branches of the dungeon, and saw 6 of its levels.

You collected 438 gold pieces.

Inventory:

Hand Weapons
 w - a +2 flail of draining (weapon)
Armour
 x - a +0 cloak (worn)
 y - a +0 animal skin (worn)
 z - a +0 helmet (worn)
Magical Staves
 a - an uncursed staff of cold
Wands
 p - a wand of random effects (23)
 r - a wand of iceblast (5)
Scrolls
 b - 4 scrolls of teleportation {unknown}
 c - a scroll of fog {unknown}
 g - 4 scrolls of fear {unknown}
 k - a scroll of remove curse {unknown}
 l - a scroll of magic mapping {unknown}
 m - 8 scrolls of identify {unknown}
 o - 2 scrolls of amnesia {unknown}
 q - a scroll of blinking {unknown}
 s - a scroll of noise {unknown}
 t - 2 scrolls of enchant weapon {unknown}
 u - a scroll of immolation {unknown}
Potions
 d - a potion of haste {unknown}
 e - 2 potions of cancellation {unknown}
 f - 2 potions of lignification {unknown}
 h - a potion of resistance {unknown}
 i - 2 potions of might {unknown}
 j - a potion of degeneration {unknown}
 n - a potion of mutation {unknown}
 v - 2 potions of heal wounds {unknown}
 A - a potion of curing {unknown}


   Skills:
 + Level 2.3 Fighting
 + Level 2.3 Short Blades
 + Level 2.3 Long Blades
 + Level 2.3 Axes
 + Level 2.3 Maces & Flails
 + Level 2.3 Polearms
 + Level 2.3 Staves
 + Level 2.3 Slings
 + Level 2.3 Bows
 + Level 2.3 Crossbows
 + Level 2.3 Throwing
 + Level 2.3 Armour
 + Level 5.1 Dodging
 + Level 4.8 Stealth
 + Level 2.3 Shields
 + Level 2.3 Unarmed Combat
 + Level 5.5 Spellcasting
 + Level 1.8 Conjurations
 + Level 1.8 Hexes
 + Level 1.8 Summonings
 + Level 1.8 Necromancy
 + Level 1.8 Translocations
 + Level 2.8 Transmutations
 + Level 1.8 Fire Magic
 + Level 1.8 Ice Magic
 + Level 1.8 Air Magic
 + Level 1.8 Earth Magic
 + Level 5.8 Poison Magic
 + Level 2.5 Invocations
 + Level 2.3 Evocations


You had 6 spell levels left.
You knew the following spells:

 Your Spells              Type           Power        Failure   Level
a - Sting                 Tmut/Pois      84%          1%          1
b - Olgreb's Toxic Radia  Pois           27%          11%         4
c - Ignite Poison         Fire/Tmut/Pois 18%          9%          3
d - Mephitic Cloud        Conj/Pois/Air  17%          10%         3

Your spell library contained the following spells:

 Spells                   Type           Power        Failure   Level
 Poisonous Vapours        Pois/Air       38%          3%          2


Dungeon Overview and Level Annotations

Branches:
Dungeon (5/15)             Temple (1/1) D:4

Altars:
Elyvilon
Fedhas
Gozag
Hepliaklqana
Kikubaaqudgha
Makhleb
Nemelex Xobeh
Okawaru
Qazlal
Trog
Uskayaw
Wu Jian
Xom
Zin


Innate Abilities, Weirdness & Mutations

Your experience applies equally to all skills.
You have very sharp teeth.
Your uncanny sense of smell can sniff out nearby items.


Message History

The phantom is severely damaged.
The ice beast barely misses you. The phantom barely misses you.
You now have 6/15 mp.
You hit the ice beast. You drain the ice beast.
The ice beast is lightly wounded.
The ice beast closely misses you.
The phantom hits you but does no damage.
The ice beast misses you.
You barely miss the ice beast.
The ice beast is lightly wounded.
The phantom closely misses you. The ice beast hits you.
The ice beast freezes you!
* * * LOW HITPOINT WARNING * * *
You take 11 damage, and have 11/50 hp.
MASSIVE DAMAGE!!
You hit the ice beast. You drain the ice beast.
The ice beast is moderately wounded.
The phantom hits you!
* * * LOW HITPOINT WARNING * * *
The ice beast closely misses you. The phantom hits you.
You die...

##......#.##.#
#.............
#.............
#.............
#........)....
#...$........
#+##...W........
.......@Y.####.#.
.................
.........##.#####
.........##.####
#+####.......).#
#####.# #.........#
#.....# #.........#
#.....# #...##'####
###.....#########.####


You could see a phantom and an ice beast (drained).

Vanquished Creatures
  Edmund (D:4)
  Ijyb (D:3)
  3 orc wizards (D:4)
  3 worker ants
  A hound skeleton (D:3)
  Robin (D:4)
  4 gnolls (D:3)
  4 adders
  A shadow imp (D:5)
  A worm (D:3)
  A dart slug (D:2)
  3 leopard geckos
  11 orcs
  4 ball pythons
  3 giant cockroaches
  6 hobgoblins
  A quokka (D:2)
  4 bats
  5 frilled lizards
  16 goblins
  10 kobolds
  6 rats
90 creatures vanquished.

Vanquished Creatures (others)
  2 fungi (D:1)
  2 plants (D:2)
  4 toadstools (D:1)
8 creatures vanquished.

Grand Total: 98 creatures vanquished

Notes
Turn   | Place    | Note
-------+----------+-------------------------------------------
     0 | D:1      | kaeus the Gnoll Venom Mage began the quest for the Orb.
     0 | D:1      | Reached XP level 1. HP: 13/13 MP: 6/6
   323 | D:1      | Reached XP level 2. HP: 19/19 MP: 4/7
  1455 | D:2      | Reached XP level 3. HP: 25/25 MP: 6/9
  1539 | D:2      | Reached skill level 5 in Spellcasting
  1679 | D:2      | Reached skill level 1 in Invocations
  2202 | D:3      | Reached skill level 1 in Fighting
  2202 | D:3      | Reached skill level 1 in Short Blades
  2202 | D:3      | Reached skill level 1 in Long Blades
  2202 | D:3      | Reached skill level 1 in Axes
  2202 | D:3      | Reached skill level 1 in Maces & Flails
  2202 | D:3      | Reached skill level 1 in Polearms
  2202 | D:3      | Reached skill level 1 in Staves
  2202 | D:3      | Reached skill level 1 in Slings
  2202 | D:3      | Reached skill level 1 in Bows
  2202 | D:3      | Reached skill level 1 in Crossbows
  2202 | D:3      | Reached skill level 1 in Throwing
  2202 | D:3      | Reached skill level 1 in Armour
  2202 | D:3      | Reached skill level 1 in Shields
  2202 | D:3      | Reached skill level 1 in Unarmed Combat
  2202 | D:3      | Reached skill level 1 in Evocations
  2215 | D:3      | Reached XP level 4. HP: 5/32 MP: 1/11
  2486 | D:2      | Learned a level 4 spell: Olgreb's Toxic Radiance
  2490 | D:2      | Learned a level 3 spell: Ignite Poison
  2494 | D:2      | Learned a level 3 spell: Mephitic Cloud
  2558 | D:3      | Reached skill level 1 in Conjurations
  2558 | D:3      | Reached skill level 1 in Hexes
  2558 | D:3      | Reached skill level 1 in Summonings
  2558 | D:3      | Reached skill level 1 in Necromancy
  2558 | D:3      | Reached skill level 1 in Translocations
  2558 | D:3      | Reached skill level 1 in Fire Magic
  2558 | D:3      | Reached skill level 1 in Ice Magic
  2558 | D:3      | Reached skill level 1 in Air Magic
  2558 | D:3      | Reached skill level 1 in Earth Magic
  2605 | D:3      | Noticed Ijyb
  2606 | D:3      | Found a stormy altar of Qazlal.
  2623 | D:3      | Killed Ijyb
  2625 | D:3      | Reached XP level 5. HP: 24/37 MP: 7/12
  3103 | D:3      | Found a white marble altar of Elyvilon.
  3916 | D:4      | Reached XP level 6. HP: 44/44 MP: 0/13
  4012 | D:4      | Reached skill level 5 in Dodging
  4140 | D:4      | Noticed Edmund
  4147 | D:4      | Killed Edmund
  4148 | D:4      | Reached XP level 7. HP: 34/50 MP: 3/15
  4424 | D:4      | Found a burning altar of Makhleb.
  4427 | D:4      | Noticed a green death
  4429 | D:4      | Found a glowing silver altar of Zin.
  4430 | D:4      | Noticed an angel
  4534 | D:4      | Found a staircase to the Ecumenical Temple.
  4709 | D:4      | Noticed Robin
  4716 | D:4      | Killed Robin
  4806 | Temple   | Entered the Ecumenical Temple
  5369 | D:5      | Entered Level 5 of the Dungeon
  5479 | D:5      | Slain by a phantom

Illustrated notes

Levels and vault maps discovered:
D:1:      enne_arrival_octagon_isle, layout_loops_ring,
          chequers_serial_rivers_micro_d, serial_bayou_lagoon_a,
          minmay_gold_behind_fungi, chequers_serial_rivers_small_3
D:2:      layout_loops_cross, serial_forest, infiniplex_forest_clump_curved,
          infiniplex_forest_straight_2, infiniplex_forest_lined_1,
          infiniplex_forest_clump_medium, infiniplex_forest_straight_4
D:3:      layout_loops_corners, lemuel_doored_altar, old_standard_altar,
          uniq_ijyb
D:4:      layout_basic, grunt_temple_overflow_order_and_chaos_2,
          minmay_temple_entry_overgrown, uniq_edmund, uniq_robin
D:5:      layout_basic, grunt_temple_overflow_cloverleaf
Temple:   jpeg_temple_alley_garden

Skill      XL: |  1  2  3  4  5  6 |
---------------+-------------------+-----
Transmutations | 2 |  2.8
Spellcasting   | 5 |  5.5
Invocations    | 1 2 |  2.5
Fighting       | 1 2 |  2.3
Short Blades   | 1 2 |  2.3
Long Blades    | 1 2 |  2.3
Axes           | 1 2 |  2.3
Maces & Flails | 1 2 |  2.3
Polearms       | 1 2 |  2.3
Staves         | 1 2 |  2.3
Slings         | 1 2 |  2.3
Bows           | 1 2 |  2.3
Crossbows      | 1 2 |  2.3
Throwing       | 1 2 |  2.3
Armour         | 1 2 |  2.3
Shields        | 1 2 |  2.3
Unarmed Combat | 1 2 |  2.3
Evocations     | 1 2 |  2.3
Conjurations   | 1 |  1.8
Hexes          | 1 |  1.8
Summonings     | 1 |  1.8
Necromancy     | 1 |  1.8
Translocations | 1 |  1.8
Fire Magic     | 1 |  1.8
Ice Magic      | 1 |  1.8
Air Magic      | 1 |  1.8
Earth Magic    | 1 |  1.8
Dodging        | 5 |  5.1
Stealth        | |  4.8
Poison Magic   | |  5.8

Action                   |  1- 3 |  4- 6 |  7- 9 || total
-------------------------+-------+-------+-------++-------
Melee: Unarmed           |    40 |       |       ||    40
       Bite              |    10 |     7 |     1 ||    18
       Dagger            |    17 |    56 |       ||    73
       Trident           |       |     6 |       ||     6
       Punch             |       |     1 |       ||     1
       Flail             |       |       |    21 ||    21
 Cast: Sting             |    55 |    42 |    20 ||   117
       Olgreb's Toxic Ra |       |     8 |     2 ||    10
       Ignite Poison     |       |     1 |     1 ||     2
Armor: Robe              |     7 |     7 |       ||    14
       Animal skin       |       |       |     5 ||     5
Dodge: Dodged            |    65 |    64 |    17 ||   146
